AoeStats
← Waffle_Time30

Arena

508813179Analyzed
4v4 RM · 9d ago on Sep 24, 2026· 59m 9s· 8 players
Game mode
Random Map
Map size
Large (8 player)
Population
200
Speed
Normal
Resources
Standard
Victory
Conquest
Starting age
Dark Age
Ending age
Imperial Age
RankedLock teamsTeams togetherTeam positionsShared explorationLock speedFull tech treeHidden civsTurbo modeCheats
Victory
Defeat
🇨🇳 Spanish · China
1178
+14
🇭🇰 Poles · Hong Kong SAR China
1169
+14
🇫🇷 Japanese · France
1130
+16
🇹🇼 Cumans · Taiwan
1124
+16
🇦🇷 Franks · Argentina
1206
-19
🇦🇷 Khmer · Argentina
1142
-16
🇦🇺 Wei · Australia
1134
-15
🇦🇷 Vikings · Argentina
1013
-10
imkl
11:33 Feudal Age
13:20 Wheelbarrow
15:52 Castle Age
13:46 Horse Collar
14:55 Double-Bit Axe
16:53 Heavy Plow
22:20 Bow Saw
23:15 Stone Mining
23:16 Gold Mining
25:48 Hand Cart
25:36 Gold Mining
27:57 Forging
27:48 Scale Mail Armor
27:53 Scale Barding Armor
28:30 Stone Shaft Mining
30:39 Imperial Age
27:55 Loom
28:53 Szlachta Privileges
29:45 Iron Casting
29:01 Fletching
29:26 Light Cavalry
30:17 Bloodlines
30:07 Husbandry
32:32 Blast Furnace
31:23 Cavalier
32:51 Chain Barding Armor
32:26 Bodkin Arrow
33:19 Chain Mail Armor
33:42 Conscription
36:12 Crop Rotation
35:44 Bracer
35:49 Elite Obuch
37:45 Chain Mail Armor
48:29 Winged Hussar
54:37 Plate Mail Armor
bpaquereau
10:43 Feudal Age
14:57 Castle Age
12:52 Double-Bit Axe
13:02 Horse Collar
16:10 Bow Saw
16:02 Heavy Plow
17:06 Loom
18:21 Wheelbarrow
19:40 Stone Mining
22:09 Fletching
22:25 Guard Tower
24:12 Hand Cart
25:53 Gold Mining
28:06 Treadmill Crane
31:43 Pikeman
32:23 Squires
32:08 Arson
33:12 Gold Shaft Mining
32:50 Yasama
32:48 Bodkin Arrow
32:53 Padded Archer Armor
33:16 Ballistics
37:06 Imperial Age
35:12 Forging
35:03 Scale Mail Armor
36:59 Iron Casting
37:14 Leather Archer Armor
37:16 Fortified Wall
37:26 Halberdier
39:08 Blast Furnace
38:24 Chain Mail Armor
39:39 Chemistry
39:15 Keep
40:24 Two-Man Saw
40:15 Conscription
41:19 Thumb Ring
41:40 Parthian Tactics
40:35 Heavy Cavalry Archer
41:50 Ring Archer Armor
41:43 Bracer
41:50 Arrowslits
43:19 Husbandry
43:29 Bloodlines
43:43 Masonry
46:51 Plate Mail Armor
46:59 Murder Holes
47:10 Siege Engineers
58:21 Gambesons
57:56 Man-at-Arms
菜鸟不是菜
10:33 Feudal Age
14:38 Castle Age
13:15 Stone Mining
13:41 Double-Bit Axe
23:27 Fletching
23:39 Padded Archer Armor
25:12 Bodkin Arrow
28:29 Leather Archer Armor
36:13 Gold Mining
39:03 Bow Saw
43:48 Imperial Age
41:11 Pikeman
43:31 Squires
43:17 Arson
44:40 Scale Mail Armor
47:16 Chain Mail Armor
48:40 Halberdier
49:06 Arson
49:56 Plate Mail Armor
51:19 Forging
57:02 Iron Casting
michaelye023755
8:35 Feudal Age
9:30 Double-Bit Axe
10:59 Horse Collar
19:46 Castle Age
18:44 Wheelbarrow
21:03 Heavy Plow
21:17 Bow Saw
27:42 Imperial Age
25:38 Hand Cart
25:14 Loom
25:15 Town Watch
26:48 Forging
26:44 Scale Barding Armor
28:55 Iron Casting
28:41 Chain Barding Armor
28:32 Town Patrol
30:47 Gold Mining
30:35 Cavalier
33:04 Plate Barding Armor
32:44 Pikeman
33:24 Squires
33:34 Scale Mail Armor
34:35 Blast Furnace
34:17 Crop Rotation
34:50 Two-Man Saw
34:45 Chain Mail Armor
34:21 Fletching
33:57 Paladin
34:48 Bloodlines
35:24 Halberdier
35:49 Arson
37:01 Capped Ram
37:48 Bodkin Arrow
37:58 Murder Holes
38:14 Masonry
38:17 Siege Ram
44:52 Light Cavalry
45:50 Hussar
47:38 Cuman Mercenaries
48:15 Hoardings
48:01 Conscription
55:07 Stone Mining
[Vsh]-Choco
10:29 Feudal Age
16:10 Castle Age
14:42 Stone Mining
17:58 Fletching
18:31 Double-Bit Axe
21:30 Scale Mail Armor
31:52 Imperial Age
34:05 Bow Saw
34:15 Elite Varangian Guard
36:37 Gold Mining
36:55 Chieftains
38:56 Gold Shaft Mining
43:18 Arson
53:52 Fortified Wall
53:40 Murder Holes
Euron
10:17 Feudal Age
11:20 Loom
14:12 Castle Age
12:19 Double-Bit Axe
15:58 Town Watch
18:42 Wheelbarrow
19:17 Bow Saw
19:42 Horse Collar
22:44 Heavy Plow
25:05 Gold Mining
26:28 Stone Mining
26:58 Scale Barding Armor
28:25 Chain Barding Armor
28:17 Bloodlines
31:00 Imperial Age
31:19 Forging
32:42 Iron Casting
32:27 Hand Cart
33:30 Plate Barding Armor
33:42 Gold Shaft Mining
33:44 Stone Shaft Mining
34:29 Crop Rotation
36:43 Blast Furnace
37:07 Fletching
37:30 Masonry
37:16 Murder Holes
42:08 Capped Ram
42:51 Bodkin Arrow
43:30 Architecture
42:57 Elite Battle Elephant
44:01 Bracer
47:13 Tusk Swords
48:36 Husbandry
48:04 Light Cavalry
49:58 Hussar
51:46 Padded Archer Armor
52:08 Ballistics
52:49 Chemistry
52:17 Fortified Wall
51:52 Crossbowman
53:09 Arbalester
Waffle_Time30
10:26 Feudal Age
10:04 Loom
11:20 Double-Bit Axe
14:51 Castle Age
13:02 Horse Collar
21:25 Bloodlines
21:15 Husbandry
21:58 Husbandry
22:49 Fletching
28:35 Bodkin Arrow
32:15 Tuntian
34:45 Bow Saw
34:36 Heavy Plow
34:27 Gold Mining
35:17 Wheelbarrow
35:19 Murder Holes
37:55 Imperial Age
37:32 Hand Cart
37:28 Pikeman
38:09 Squires
37:54 Arson
38:23 Forging
38:18 Scale Barding Armor
39:28 Parthian Tactics
41:10 Ming Guang Armor
40:49 Heavy Hei Guang Cavalry
42:55 Iron Casting
42:41 Chain Barding Armor
42:21 Bracer
42:59 Ballistics
43:39 Chemistry
[Vsh]-Shaka_Arg
11:11 Feudal Age
15:29 Castle Age
14:03 Scale Barding Armor
15:49 Double-Bit Axe
17:27 Chain Barding Armor
17:49 Loom
18:53 Bow Saw
20:51 Husbandry
26:51 Wheelbarrow
30:25 Imperial Age
29:53 Forging
31:20 Iron Casting
30:56 Town Watch
30:37 Cavalier
31:53 Plate Barding Armor
34:25 Gold Mining
34:25 Stone Mining
35:50 Blast Furnace
35:07 Paladin
36:23 Conscription
36:14 Light Cavalry
37:26 Elite Throwing Axeman
38:39 Ballistics
38:41 Sanctity
38:56 Scale Mail Armor
41:01 Chain Mail Armor
40:59 Ordonnance Companies
41:39 Chivalry
49:18 Plate Mail Armor
54:25 Padded Archer Armor
54:15 Fletching
56:55 Elite Skirmisher
Connection lost

Rejoining the realm…

Still unreachable

The connection could not be restored.

Session expired

The server has moved on; the page needs a fresh start.